 Dungeon Crawl Stone Soup version 0.31-a0-986-g5e6e4ef867 (webtiles) character file.

Game seed: 6420435328415366552

3685 heikuro the Ducker (level 10, 0/72 HPs)
             Began as a Djinni Conjurer on Nov 17, 2023.
             Was a Believer of Makhleb.
             Slain by an orc warrior
             ... wielding a +0 trident
              (17 damage)
             ... on level 10 of the Dungeon.
             The game lasted 00:28:14 (5274 turns).

heikuro the Ducker (Djinni Conjurer)                Turns: 5274, Time: 00:28:15

Health: 0/72       AC:  3    Str:  6    XL:     10   Next: 35%
Gold:   386        EV: 14    Int: 24    God:    Makhleb [**....] SH:  0 Dex: 12

rFire   + + .        v - +6 shillelagh "Devastator" {shatter}
rCold   x . .        (no shield)
rNeg    + . .        a - +0 robe
rPois   ∞            f - +1 hat
rElec   .            (no cloak)
rCorr   .            (no gloves)
SInv    .            (boots unavailable)
Will    +....        j - amulet of regeneration
Stlth   +++          h - ring of positive energy
HPRegen 1.12/turn    n - ring of wizardry
MPRegen 0.00/turn

%: wizardry (x1), infuse magic (-1 HP)
@: flying
A: sickness immunity, fire resistance 2, cold vulnerability 1, float, innate
caster, HP casting, extra vitality 1
a: Renounce Religion, Minor Destruction


You were on level 10 of the Dungeon.
You worshipped Makhleb.
Makhleb was pleased with you.
You visited 2 branches of the dungeon, and saw 9 of its levels.

You collected 386 gold pieces.

Inventory:

Hand Weapons
 c - a +3 dagger of venom
 v - the +6 shillelagh "Devastator" (weapon) {shatter}
   (You found it on level 3 of the Dungeon)
Missiles
 l - 2 throwing nets
Armour
 a - a +0 robe (worn)
 f - a +1 hat (worn)
Jewellery
 h - a ring of positive energy (left hand)
 j - an amulet of regeneration (around neck)
 n - a ring of wizardry (right hand)
Wands
 o - a wand of paralysis (6)
 y - a wand of iceblast (3)
 C - a wand of quicksilver (10)
 D - a wand of mindburst (22)
 E - a wand of flame (9)
Scrolls
 b - 2 scrolls of torment {unknown}
 e - a scroll of immolation {unknown}
 i - 2 scrolls of identify
 k - a scroll of butterflies {unknown}
 m - 6 scrolls of teleportation {unknown}
 q - a scroll of silence {unknown}
 r - 2 scrolls of revelation {unknown}
 s - 2 scrolls of fog {unknown}
 u - a scroll of enchant armour {unknown}
 w - 2 scrolls of poison {unknown}
 z - a scroll of amnesia {unknown}
Potions
 d - 4 potions of curing
 g - 6 potions of heal wounds
 p - 2 potions of cancellation
 t - 5 potions of might
 x - a potion of attraction
 A - a potion of haste


   Skills:
 + Level 5.9 Fighting
 + Level 7.0 Dodging
 + Level 5.7 Stealth
 * Level 6.7 Spellcasting
 * Level 6.7 Conjurations
 * Level 6.7 Hexes
   Level 0.0 Charms
 * Level 6.7 Summonings
 * Level 6.7 Necromancy
 * Level 6.7 Translocations
 * Level 6.7 Transmutations
 * Level 6.7 Fire Magic
 * Level 6.7 Ice Magic
 * Level 6.7 Air Magic
 * Level 6.7 Earth Magic
 * Level 6.7 Poison Magic
 + Level 5.1 Invocations


You knew the following spells:

 Your Spells              Type           Power      Damage    Failure   Level
a - Magic Dart            Conj           100%       1d8       1%          1
b - Searing Ray           Conj           80%        2d7       1%          2
c - Dazzling Flash        Conj/Hex       80%        N/A       1%          3
d - Fulminant Prism       Conj/Hex       20%        3d12      1%          4
e - Iskenderun's Mystic   Conj/Tloc      40%        2d9       1%          4
f - Freeze                Ice            100%       1d10      1%          1
g - Momentum Strike       Conj/Tloc      80%        3d10      1%          2
h - Jinxbite              Hex            80%        N/A       1%          2
i - Cause Fear            Hex            20%        N/A       1%          4
Your spell library was empty.

Dungeon Overview and Level Annotations

Branches:
Dungeon (10/15)            Temple (1/1) D:4
   Lair: D:8-11         Orc: D:9-12

Altars:
Dithmenos
Elyvilon
Fedhas
Hepliaklqana
Makhleb
Okawaru
Qazlal
Ru
Trog
Uskayaw
Wu Jian
Xom
Yredelemnul
Zin
The Shining One


Innate Abilities, Weirdness & Mutations

You are immune to sickness and miasma.
You are immune to poison.
Your flesh is very heat resistant. (rF++)
You are vulnerable to cold. (rC-)
You float through the air rather than walking.
You learn spells naturally, not from books.
Your magical power is your life essence.
You have superior vitality. (+4 MHP)


Message History

You conjure a prism of explosive energy!
A fulminant prism comes into view.
The orc warrior hits you from afar with a +0 trident!
Unknown command.
The orc warrior attacks as it pursues you!
The orc warrior hits you from afar with a +0 trident!
Your fulminant prism crackles loudly.
You are too injured to fight recklessly!
Unknown command.
Casting: Fulminant Prism (dangerous; 1% risk of failure)
Confirm with . or Enter, or press ? or * to list all spells.
Aiming: Searing Ray (safe; 1% risk of failure)
Press: ? - help, Shift-Dir - straight line, f - orc warrior
Aim: an orc warrior, wielding a +0 trident and wearing a +0 chain mail (80% to hit)
The searing ray hits the orc warrior but does no damage. (Press . to maintain the ray.)
An orc comes into view. It is wielding a +0 dagger.
Your fulminant prism explodes!
The blast of energy engulfs the orc!
You kill the orc!
Makhleb accepts your kill.
The blast of energy engulfs the orc warrior!
The orc warrior is severely wounded.
You hear a shout! x2
Unknown command.
Casting: Searing Ray (safe; 1% risk of failure)
Confirm with . or Enter, or press ? or * to list all spells.
Restarting spell: Searing Ray (safe; 1% risk of failure)
Press: ? - help, Shift-Dir - straight line, f/p - orc warrior
Aim: an orc warrior, wielding a +0 trident and wearing a +0 chain mail (severely wounded, 80% to hit)
The searing ray hits the orc warrior.
The orc warrior is almost dead. (Press . to maintain the ray.)
The orc warrior hits you from afar with a +0 trident!
* * * LOW HITPOINT WARNING * * *
The searing ray hits the orc warrior.
The orc warrior is almost dead.
* * * LOW HITPOINT WARNING * * *
The orc warrior hits you from afar with a +0 trident!
You die...

#.### #)). ....## ..#
#..## ####o###### #..#
###.?..<..... ##.#
#))..).......
#######'####)#).))......
..........##)#))o.......
..........##.#..........
.........†'†.#..@.......
..........####.......?..
..........# #.......>..
.......)..# #..........
..........# #########+#
####+######


You could see an orc warrior and an orc.

Vanquished Creatures
  Pikel (D:7)
  Grinder (D:3)
  6 yaks (D:10)
  A steam dragon (D:7)
  A sky beast (D:6)
  3 orc warriors (D:10)
  2 ice beasts
  A black bear (D:5)
  3 ogres
  A centaur (D:4)
  A phantom (D:5)
  A kobold brigand (D:6)
  A scorpion (D:6)
  3 wights (D:6)
  4 orc priests
  3 hounds
  A jelly (D:6)
  3 iguanas
  Ijyb (D:4)
  A gnoll bouda (D:4)
  2 orc wizards
  13 gnolls
  5 adders
  2 white imps (D:6)
  2 ufetubi (D:6)
  A worm (D:4)
  A dart slug (D:2)
  31 orcs
  7 ball pythons
  5 endoplasms
  A giant cockroach (D:2)
  4 goblins
  7 hobgoblins
  2 jackals (D:5)
  12 kobolds
  4 quokkas
  7 bats
  A frilled lizard (D:3)
  4 rats
150 creatures vanquished.

Vanquished Creatures (others)
  37 fulminant prisms
37 creatures vanquished.

Grand Total: 187 creatures vanquished

Notes
Turn   | Place    | Note
-------+----------+-------------------------------------------
     0 | D:1      | heikuro the Djinni Conjurer began the quest for the Orb.
     0 | D:1      | heikuro set off with the following spells memorised: Magic
                  | Dart, Searing Ray, Dazzling Flash, Fulminant Prism,
                  | Iskenderun's Mystic Blast.
     0 | D:1      | Reached XP level 1. HP: 15/15 MP: 0/0
   129 | D:1      | Reached XP level 2. HP: 20/22 MP: 0/0
   730 | D:2      | Reached XP level 3. HP: 25/26 MP: 0/0
   730 | D:2      | Learned a level 1 spell: Freeze
   921 | D:2      | Reached skill level 1 in Fighting
  1439 | D:3      | Noticed Grinder
  1528 | D:3      | Reached XP level 4. HP: 31/32 MP: 0/0
  1678 | D:3      | Found the +6 shillelagh "Devastator" {shatter}
  1707 | D:3      | Killed Grinder
  1708 | D:3      | Reached skill level 3 in Dodging
  1708 | D:3      | Reached XP level 5. HP: 10/39 MP: 0/0
  1708 | D:3      | Learned a level 2 spell: Momentum Strike
  1708 | D:3      | Reached XP level 6. HP: 12/44 MP: 0/0
  2473 | D:4      | Reached XP level 7. HP: 49/49 MP: 0/0
  2473 | D:4      | Learned a level 2 spell: Jinxbite
  2568 | D:4      | Found a staircase to the Ecumenical Temple.
  2577 | Temple   | Entered the Ecumenical Temple
  2584 | Temple   | Became a worshipper of Makhleb the Destroyer
  2764 | D:4      | Reached skill level 4 in Dodging
  2819 | D:4      | Found a bloodstained altar of Trog.
  2827 | D:4      | Found a stormy altar of Qazlal.
  2831 | D:4      | Found a hazy altar of Hepliaklqana.
  2978 | D:5      | Entered Level 5 of the Dungeon
  2986 | D:5      | Reached skill level 1 in Invocations
  3156 | D:5      | Reached skill level 5 in Spellcasting
  3156 | D:5      | Reached skill level 5 in Conjurations
  3156 | D:5      | Reached skill level 5 in Hexes
  3156 | D:5      | Reached skill level 5 in Summonings
  3156 | D:5      | Reached skill level 5 in Necromancy
  3156 | D:5      | Reached skill level 5 in Translocations
  3156 | D:5      | Reached skill level 5 in Transmutations
  3156 | D:5      | Reached skill level 5 in Fire Magic
  3156 | D:5      | Reached skill level 5 in Ice Magic
  3156 | D:5      | Reached skill level 5 in Air Magic
  3156 | D:5      | Reached skill level 5 in Earth Magic
  3156 | D:5      | Reached skill level 5 in Poison Magic
  3156 | D:5      | Reached XP level 8. HP: 39/56 MP: 0/0
  3183 | D:5      | Noticed Ijyb
  3248 | D:4      | Killed Ijyb
  3248 | D:4      | Reached * piety under Makhleb
  3764 | D:5      | Reached skill level 5 in Dodging
  3775 | D:5      | Found a shadowy altar of Dithmenos.
  4233 | D:6      | Reached XP level 9. HP: 36/62 MP: 0/0
  4233 | D:6      | Learned a level 4 spell: Cause Fear
  4349 | D:6      | Reached ** piety under Makhleb
  4956 | D:7      | Reached skill level 6 in Dodging
  4973 | D:7      | Noticed Pikel
  4986 | D:7      | Killed Pikel
  4987 | D:7      | Reached skill level 5 in Fighting
  4987 | D:7      | Reached skill level 5 in Stealth
  5035 | D:7      | You are sucked into a shaft and drop 3 floors!
  5035 | D:10     | Entered Level 10 of the Dungeon
  5076 | D:10     | Reached XP level 10. HP: 50/70 MP: 0/0
  5133 | D:10     | Reached skill level 5 in Invocations
  5249 | D:10     | Reached skill level 7 in Dodging
  5274 | D:10     | Slain by an orc warrior

Illustrated notes

Levels and vault maps discovered:
D:1:      eino_arrival_tree_alley, layout_basic
D:2:      layout_basic, basic_altar
D:3:      layout_basic, serial_bayou_lake_a, uniq_grinder
D:4:      layout_loops_ring, chequers_temple_overflow_minitemple,
          minmay_temple_entry_statues_pillars
D:5:      layout_rooms, lemuel_doored_altar, eino_small_chamber_without_monster,
          minivault_11, hangedman_decor_lopped, grunt_ministairs_8, uniq_ijyb
D:6:      nicolae_cairo_tiling, layout_loops_cross
D:7:      layout_basic, grunt_temple_overflow_opulence, uniq_pikel,
          uniq_crazy_yiuf_cottage
D:10:     layout_roguey [special_room_orc],
          mainiacjoe_overflow_concentric_impassable, uniq_grum, uniq_urug
Temple:   hellmonk_temple_forest_ring

Skill      XL: |  1  2  3  4  5  6  7  8  9 10 |
---------------+-------------------------------+-----
Fighting       | 1 2 3 4 5 |  5.9
Stealth        | 2 3 4 5 |  5.7
Dodging        | 3 4 5 6 7 |  7.0
Spellcasting   | 4 5 6 |  6.7
Conjurations   | 4 5 6 |  6.7
Hexes          | 4 5 6 |  6.7
Summonings     | 4 5 6 |  6.7
Necromancy     | 4 5 6 |  6.7
Translocations | 4 5 6 |  6.7
Transmutations | 4 5 6 |  6.7
Fire Magic     | 4 5 6 |  6.7
Ice Magic      | 4 5 6 |  6.7
Air Magic      | 4 5 6 |  6.7
Earth Magic    | 4 5 6 |  6.7
Poison Magic   | 4 5 6 |  6.7
Invocations    | 1 3 4 5 |  5.1

Action                     |  1- 3 |  4- 6 |  7- 9 | 10-12 || total
---------------------------+-------+-------+-------+-------++-------
  Melee: Shillelagh        |       |     4 |     9 |       ||    13
   Cast: Magic Dart        |    53 |    29 |   134 |    13 ||   229
         Searing Ray       |     8 |     9 |    29 |    11 ||    57
         Freeze            |       |     4 |    26 |    13 ||    43
         Iskenderun's Myst |       |     1 |     6 |     3 ||    10
         Fulminant Prism   |       |     2 |    28 |     7 ||    37
         Jinxbite          |       |       |     9 |       ||     9
    Use: Scroll            |       |       |     9 |       ||     9
 Armour: Robe              |     7 |     5 |    66 |    17 ||    95
  Dodge: Dodged            |    10 |     7 |    63 |    10 ||    90

Table legend: (Time is in decaauts)
 A = Elapsed time spent in this place.
 B = Non-inter-level travel time spent in this place.
 C = Inter-level travel time spent in this place.
 D = Time resting spent in this place.
 E = Time spent auto-exploring this place.
 F = Levels seen in this place.
 G = Mean time per level.
                   A        B        C        D        E       F      G
               +--------+--------+--------+--------+--------+-----+--------+
         Total |   5279 |   4853 |    426 |    173 |   3586 |   9 |  586.6 |
       Dungeon |   5264 |   4838 |    426 |    173 |   3586 |   8 |  658.0 |
        Temple |     14 |     14 |      0 |      0 |      0 |   1 |   14.0 |
               +--------+--------+--------+--------+--------+-----+--------+

Top non-repeatable levels by time:
     D:6: 965 daAuts
     D:4: 893 daAuts
     D:2: 873 daAuts
     D:3: 794 daAuts
     D:5: 777 daAuts
     D:1: 575 daAuts
    D:10: 238 daAuts
     D:7: 146 daAuts
  Temple: 14 daAuts
